 Dungeon Crawl Stone Soup version 0.32-a0-427-g448f42529f (webtiles) character file.

Game seed: 12885940911922838672

582910 Parakeet the Slayer (level 26, -3/224 HPs)
             Began as a Coglin Wanderer on Feb 20, 2024.
             Was the Champion of Qazlal.
             Killed by divine providence
             ... invoked by a smoke demon
              (9 damage)
             ... on level 6 of the Abyss on Feb 22, 2024.
             The game lasted 02:17:21 (54577 turns).

Parakeet the Slayer (Coglin Wanderer)              Turns: 54577, Time: 02:17:22

Health: -3/224     AC: 41    Str: 32    XL:     26   Next: 73%
Magic:  0/46       EV: 20    Int: 12    God:    Qazlal [******]
Gold:   972        SH: 16    Dex: 20    Spells: 25/25 levels left

rFire   + + .        p - +6 broad axe (heavy) {Manveen}
rCold   + + +        B - +9 broad axe (heavy) {Msizi}
rNeg    . . .        U - +5 gold dragon scales
rPois   +            X - +3 hat of Pondering {ponderous, Will+ MP+10 Int+5}
rElec   +            V - +2 cloak of the Thief {*Fog Slay-2 SInv Stlth+}
rCorr   +            R - +1 pair of gloves
SInv    +            n - +1 pair of boots "Hyugeqon" {rC+ Int-2 Dex+3}
Will    ++++.        Z - brooch of Shielding {Spirit SH+8} Stlth
                     r - ring "Hamum" {EV+5 Str+6}
HPRegen 0.00/turn    e - ring "Yratat" {^Drain rElec rC+ rCorr}
MPRegen 0.30/turn

%: repel missiles, guardian spirit
@: protected from fire, sick, immotile, revved, slow
A: off-hand wielding, slow wielding, warmup strikes, legs shutdown, see
invisible, agile 1, strong-willed 2, shaggy fur 1, noise suppression
}: 4/15 runes: serpentine, barnacled, slimy, silver
a: Renounce Religion, Upheaval, Elemental Force, Disaster Area


You were on level 6 of the Abyss.
You worshipped Qazlal.
Qazlal was exalted by your worship.
You visited 9 branches of the dungeon, and saw 47 of its levels.
You visited the Abyss 1 time.
You also visited: Sewer and Ice Cave.

You collected 7769 gold pieces.
You spent 6797 gold pieces at shops.

Inventory:

Hand Weapons
 p - a +6 heavy broad axe (weapon) {Manveen}
 B - a +9 heavy broad axe (offhand) {Msizi}
Missiles
 J - 11 throwing nets
Armour
 n - the +1 pair of boots "Hyugeqon" (worn) {rC+ Int-2 Dex+3}
   (You bought it in a shop on level 3 of the Elven Halls)

   Int-2:     It affects your intelligence (-2).
   Dex+3:     It affects your dexterity (+3).
   rC+:       It protects you from cold.
 R - a +1 pair of gloves (worn)
 U - +5 gold dragon scales (worn)
 V - the +2 cloak of the Thief (worn) {*Fog Slay-2 SInv Stlth+}
   (You found it on level 5 of the Vaults)

   *Fog:      It may release a thick cloud of smoke when the wearer is hurt.
   Slay-2:    It affects your accuracy & damage with ranged weapons and melee
   (-2).
   SInv:      It lets you see invisible.
   Stlth+:    It makes you more stealthy.
 X - the +3 hat of Pondering (worn) {ponderous, Will+ MP+10 Int+5}
   (You bought it in a shop on level 15 of the Dungeon)

   Int+5:     It affects your intelligence (+5).
   Will+:     It increases your willpower.
   MP+10:     It affects your magic capacity (+10).
Jewellery
 e - the ring "Yratat" (right grasper) {^Drain rElec rC+ rCorr}
   (You bought it in a shop on level 1 of the Snake Pit)

   [ring of resist corrosion]

   rC+:       It protects you from cold.
   rElec:     It insulates you from electricity.
   rCorr:     It protects you from acid and corrosion.
   ^Drain:    It drains your maximum health when unequipped.
 j - a ring of protection from fire
 r - the ring "Hamum" (left grasper) {EV+5 Str+6}
   (You bought it in a shop on level 1 of the Snake Pit)

   [ring of evasion]

   EV+5:      It affects your evasion (+5).
   Str+6:     It affects your strength (+6).
 w - a ring of positive energy
 I - a ring of flight
 Z - the brooch of Shielding (around neck) {Spirit SH+8}
   (You found it on level 4 of the Lair of Beasts)

   [amulet of guardian spirit]

   Spirit:    It causes incoming damage to be divided between your reserves of
   health and magic.
   SH+8:      It affects your SH (+8).
Wands
 c - a wand of polymorph (35) (quivered)
 l - a wand of digging (38)
 y - a wand of mindburst (51)
 D - a wand of acid (37)
 H - a wand of charming (37)
 L - a wand of iceblast (28)
Scrolls
 a - 22 scrolls of teleportation
 d - 8 scrolls of fear
 f - 15 scrolls of fog
 h - 10 scrolls of revelation
 i - 2 scrolls of butterflies
 k - 11 scrolls of blinking
 t - 7 scrolls of poison
 v - a scroll of silence
 C - 11 scrolls of vulnerability
 Q - 8 scrolls of immolation
Potions
 b - 16 potions of attraction
 m - 23 potions of curing
 o - 10 potions of resistance
 q - 2 potions of mutation
 s - 7 potions of lignification
 x - 11 potions of brilliance
 z - 6 potions of berserk rage
 A - 10 potions of might
 E - 3 potions of invisibility
 F - 8 potions of haste
 G - 6 potions of cancellation
 M - 5 potions of ambrosia
 N - 18 potions of heal wounds
 S - 3 potions of magic
 W - 10 potions of enlightenment
Miscellaneous
 g - a lightning rod (4/4)
 K - a tin of tremorstones (2/2)
 O - a box of beasts
 P - a phantom mirror
 T - a phial of floods


   Skills:
 + Level 21.8 Fighting
 - Level 14.0 Short Blades
 - Level 18.0 Axes
 + Level 19.2 Armour
 + Level 13.9 Dodging
 + Level 18.2 Invocations
 + Level 20.1 Evocations


You had 25 spell levels left.
You didn't know any spells.
Your spell library contained the following spells:

 Spells                   Type           Power      Damage    Failure   Level
 Foxfire                  Conj/Fire      0%         2x1d4     97%         1
 Kiss of Death            Conj/Necr      0%         2d5       97%         1
 Magic Dart               Conj           0%         1d3       97%         1
 Sandblast                Erth           0%         2d4       97%         1
 Sting                    Conj/Alch      0%         1d3       97%         1
 Summon Small Mammal      Summ           0%         N/A       97%         1
 Blink                    Tloc           0%         N/A       99%         2
 Call Imp                 Summ           0%         N/A       99%         2
 Cigotuvi's Dreadful Rot  Necr/Alch/Air  0%         N/A       99%         2
 Jinxbite                 Hex            0%         N/A       99%         2
 Mercury Vapours          Alch/Air       0%         N/A       99%         2
 Scorch                   Fire           0%         2d5       99%         2
 Static Discharge         Conj/Air       0%         3-3/arc   99%         2
 Sublimation of Blood     Necr           0%         N/A       99%         2
 Call Canine Familiar     Summ           0%         N/A       100%        3
 Confusing Touch          Hex            0%         N/A       100%        3
 Dazzling Flash           Conj/Hex       0%         N/A       100%        3
 Frozen Ramparts          Ice            0%         1d1       100%        3
 Fugue of the Fallen      Necr           0%         N/A       100%        3
 Gell's Gravitas          Tloc           0%         N/A       100%        3
 Hailstorm                Conj/Ice       0%         3d5       100%        3
 Inner Flame              Hex/Fire       0%         N/A       100%        3
 Mephitic Cloud           Conj/Alch/Air  0%         N/A       100%        3
 Ozocubu's Armour         Ice            0%         N/A       100%        3
 Passwall                 Erth           0%         N/A       100%        3
 Sigil of Binding         Hex            0%         N/A       100%        3
 Stone Arrow              Conj/Erth      0%         3d7       100%        3
 Summon Ice Beast         Ice/Summ       0%         N/A       100%        3
 Swiftness                Air            0%         N/A       100%        3
 Teleport Other           Tloc           0%         N/A       100%        3
 Tukima's Dance           Hex            0%         N/A       100%        3
 Vampiric Draining        Necr           0%         2d6       100%        3
 Volatile Blastmotes      Fire/Tloc      0%         2d10      100%        3
 Airstrike                Air            0%         2d(0-16)  100%        4
 Anguish                  Hex/Necr       0%         N/A       100%        4
 Animate Armour           Summ/Erth      0%         N/A       100%        4
 Animate Dead             Necr           0%         N/A       100%        4
 Brom's Barrelling Bould  Conj/Erth      0%         2d3       100%        4
 Cause Fear               Hex            0%         N/A       100%        4
 Dimensional Bullseye     Hex/Tloc       0%         N/A       100%        4
 Dispel Undead            Necr           0%         3d6       100%        4
 Flame Wave               Conj/Fire      0%         2d4       100%        4
 Ignite Poison            Fire/Alch      0%         N/A       100%        4
 Iskenderun's Mystic Bla  Conj/Tloc      0%         2d3       100%        4
 Leda's Liquefaction      Alch/Erth      0%         N/A       100%        4
 Manifold Assault         Tloc           0%         N/A       100%        4
 Martyr's Knell           Necr/Summ      0%         N/A       100%        4
 Olgreb's Toxic Radiance  Alch           0%         N/A       100%        4
 Passage of Golubria      Tloc           0%         N/A       100%        4
 Petrify                  Alch/Erth      0%         N/A       100%        4
 Sticky Flame             Fire/Alch      0%         2d4       100%        4
 Summon Lightning Spire   Summ/Air       0%         N/A       100%        4
 Alistair's Intoxication  Alch           0%         N/A       100%        5
 Arcjolt                  Conj/Air       0%         1d10      100%        5
 Borgnjor's Vile Clutch   Necr/Erth      0%         N/A       100%        5
 Curse of Agony           Necr           0%         N/A       100%        5
 Fireball                 Conj/Fire      0%         3d3       100%        5
 Freezing Cloud           Conj/Ice/Air   0%         6-21      100%        5
 Irradiate                Conj/Alch      0%         3d11      100%        5
 Iskenderun's Battlesphe  Conj           0%         2d6       100%        5
 Lee's Rapid Deconstruct  Erth           0%         3d4*      100%        5
 Metabolic Englaciation   Hex/Ice        0%         N/A       100%        5
 Silence                  Hex/Air        0%         N/A       100%        5
 Summon Forest            Summ/Tloc      0%         N/A       100%        5
 Yara's Violent Unravell  Hex/Alch       0%         3d3       100%        5
 Conjure Ball Lightning   Conj/Air       0%         3x3d6     100%        6
 Death Channel            Necr           0%         N/A       100%        6
 Dispersal                Tloc           0%         N/A       100%        6
 Eringya's Noxious Bog    Alch           0%         4d6       100%        6
 Plasma Beam              Fire/Air       0%         2x1d10    100%        6
 Sculpt Simulacrum        Ice/Alch       0%         N/A       100%        6
 Starburst                Conj/Fire      0%         6d3       100%        6
 Summon Cactus Giant      Summ           0%         N/A       100%        6
 Enfeeble                 Hex            0%         N/A       100%        7
 Haunt                    Necr/Summ      0%         N/A       100%        7
 Malign Gateway           Summ/Tloc      0%         N/A       100%        7
 Orb of Destruction       Conj           0%         9d5       100%        7
 Ozocubu's Refrigeration  Ice            0%         4d7       100%        7
 Summon Hydra             Summ           0%         N/A       100%        7
 Borgnjor's Revivificati  Necr           0%         N/A       100%        8
 Ignition                 Fire           0%         3d3       100%        8
 Infestation              Necr           0%         N/A       100%        8
 Lehudib's Crystal Spear  Conj/Erth      0%         10d2      100%        8
 Maxwell's Capacitive Co  Air            0%         ∞         100%        8
 Summon Horrible Things   Summ           0%         N/A       100%        8
 Death's Door             Necr           0%         N/A       100%        9
 Polar Vortex             Ice            0%         N/A       100%        9


Dungeon Overview and Level Annotations

Branches:
Dungeon (15/15)            Temple (0/1) D:7            Lair (5/5) D:10
 Shoals (4/4) Lair:3        Snake (4/4) Lair:2        Slime (5/5) Lair:4
    Orc (2/2) D:12            Elf (3/3) Orc:2        Vaults (5/5) D:14
  Crypt (0/3) Vaults:3     Depths (4/4) D:15            Zot (0/5) Depths:4
  Sewer (visited)           IceCv (visited)

Altars:
Ashenzari
Cheibriados
Elyvilon
Gozag
Kikubaaqudgha
Nemelex Xobeh
Okawaru
Qazlal
Ru
Sif Muna
Vehumet
Xom
Yredelemnul
Zin
The Shining One
Beogh

Shops:
D:5 (   D:10 [=!   D:11 :   D:15 [   Orc:2 ?:*[!   Elf:3 *   Shoals:3 =
Snake:1 :(*=(   Snake:4 *   Vaults:2 *   Vaults:5 [   Depths:1 *

Portals:
Hell: Depths:1 Depths:2 Depths:3 Depths:4
Abyss: Depths:3 Depths:4
Pandemonium: Orc:2 Depths:2 Depths:3
Ziggurat: Depths:2
Trove: D:11 (give 4 scrolls of blinking)

Annotations:
Shoals:4 Bai Suzhen


Innate Abilities, Weirdness & Mutations

You can wield a second weapon in your off-hand.
It takes a long time for you to wield or remove held weapons.
Your first few attacks do less damage.
Attacking and casting redirects power from your legs.
You have supernaturally acute eyesight. (SInv)
You are agile. (Dex +4, Str/Int -1)
You are highly strong-willed. (Will++)
You are covered in fur. (AC +1)
You passively dampen the noise of your surroundings.


Message History

The hell hog completely resists.
You hear a sizzling sound!
The fireball engulfs the hell hog.
The hell hog completely resists.
The fireball engulfs you! You resist.
You feel more protected from fire.
* * * LOW HITPOINT WARNING * * *
You slice the hell hog with your +6 heavy broad axe!!
You kill the hell hog!
Qazlal accepts your kill.
A tentacled starspawn comes into view.
A lich comes into view.
Blink to where?
Press: ? - help, Dir - move target
As you read the scroll of blinking, it crumbles to dust.
You are no longer unable to travel.
The smoke demon is engulfed in seething chaos.
The smoke demon gestures at you.
The ball of steam hits you but does no damage.
You resist.
The abyss shimmers again as the detected abyssal rune vanishes from your memory and reappears.
You open the door.
An ancient lich comes into view.
The ancient lich shouts!
Found an abyssal rune of Zot.
You hit the ancient lich but do no damage.
You completely miss the ancient lich with your +9 heavy broad axe.
A large abomination comes into view.
The ancient lich completely misses you.
You slice the ancient lich with your +9 heavy broad axe!!
The ancient lich is moderately damaged.
You slice the hell hog with your +9 heavy broad axe!!
You slice the ancient lich with your +6 heavy broad axe!!
You barely miss the hell hog with your +6 heavy broad axe.
You block the hell hog's attack. The ancient lich casts a spell at you.
The crystal spear hits you!!!
* * * LOW HITPOINT WARNING * * *
The smoke demon gestures at you. Something smites you!
You die...

#+#+
###..##
.'○..#+
##§☼..#
#''@..+
#..'h#L##
#..#§# φ#
#_..3Y.#
##
#[).§§#
##.†)..#
##.[3§.#
⌠'.§YX##
⌠X..§##


You could see a hellephant, an ancient lich, a hell hog and a smoke demon.

Vanquished Creatures
  the Royal Jelly (Slime:5)
  A dread lich (Vaults:5)
  4 ancient liches
  3 juggernauts
  Sojobo (Depths:4)
  Margery (Vaults:3)
  5 caustic shrikes
  A golden dragon (Depths:4)
  The ghost of HilariousDeathArtist the Champion of Chaos, an adept CeWn of Makhleb (Vaults:4)
  4 bone dragons
  Jorgrun (Shoals:2)
  2 tentacled monstrosities (Vaults:5)
  3 liches
  A quicksilver dragon (Vaults:5)
  A walking divine tome (Depths:4)
  3 krakens
  2 deep elf master archers (Elf:3)
  3 titans
  2 deep elf blademasters (Elf:3)
  A searing wretch (Vaults:3)
  10 sphinxes
  26 acid blobs
  8 tentacled starspawn
  2 storm dragons (Vaults:5)
  10 rockslimes
  10 nagarajas
  6 tengu reavers
  8 shadow dragons (Vaults:5)
  Aizul (Snake:1)
  Roxanne (Elf:2)
  9 fire giants
  13 azure jellies
  A draconian shifter (Depths:4)
  12 frost giants
  An iron dragon (Vaults:5)
  6 deep elf elementalists
  4 deep elf sorcerers
  2 balrugs
  14 vault wardens
  An angel (Abyss:6)
  A cacodemon (Abyss:4)
  2 orc warlords
  21 very ugly things
  18 stone giants
  2 spriggan defenders
  14 ironbound preservers
  5 formless jellyfish
  5 ironbound thunderhulks
  8 quicksilver oozes
  A green draconian (Depths:4)
  Nessos (D:12)
  6 deep elf demonologists
  A lorocyproca (Abyss:4)
  A war gargoyle (Vaults:3)
  13 deep elf annihilators
  A bunyip (Abyss:4)
  A yellow draconian (Abyss:4)
  8 dire elephants
  The ghost of Oria the Martial Artist, a journeyman GnSh of Yredelemnul (Lair:4)
  8 deep elf death magi
  A red draconian (Abyss:3)
  3 purple draconians (Depths:4)
  10 spark wasps
  2 merfolk javelineers
  2 eidola
  Josephine (D:12)
  10 ettins
  3 crystal guardians
  14 merfolk impalers
  13 yaktaur captains
  4 deep elf high priests
  The ghost of Cosoff the Severer, a journeyman MiFi of Okawaru (Lair:1)
  2 entropy weavers
  11 fire dragons
  30 vault guards
  13 great orbs of eyes
  7 ice dragons
  Fannar (D:11)
  The ghost of hitsuchi the Prestidigitator, a journeyman TeSu of Gozag (Lair:2)
  2 hydras (Lair:5)
  7 peacekeepers
  12 centaur warriors
  A spectral shadow dragon (Vaults:4)
  A merfolk avatar (Shoals:2)
  A salamander tyrant (Snake:4)
  6 rakshasas
  7 ironbound frosthearts
  A juggernaut simulacrum (Abyss:4)
  5 ogre magi
  2 alligator snapping turtles (Shoals:4)
  3 catoblepae
  Erica (D:9)
  11 anacondas
  9 deep troll shamans
  2 demonspawn (Orc:2)
  A radroach (shapeshifter) (Elf:3)
  33 dancing weapons
  14 death yaks
  8 merfolk aquamancers
  6 spriggan air magi
  5 boulder beetles
  9 two-headed ogres
  A death knight (D:15)
  13 naga warriors
  The ghost of Nuqu the Nimble, a journeyman DjFE of Qazlal (Lair:1)
  A spectral fire giant (Vaults:4)
  6 tengu warriors
  7 hell hogs
  2 occultists
  12 deep troll earth magi
  6 shock serpents
  A spectral storm dragon (Vaults:4)
  8 spriggan berserkers
  28 thrashing horrors
  A demonic crawler (Abyss:5)
  3 vampire magi
  7 sun demons
  16 naga sharpshooters
  Sonja (D:12)
  9 hell knights
  10 wretched stars
  8 orc high priests
  A spectral yaktaur (Vaults:4)
  19 deep elf knights
  Nergalle (D:10)
  2 salamander mystics (Snake:3)
  A shadow wraith (Vaults:5)
  A soul eater (Depths:4)
  4 sixfirhies
  2 skysharks
  3 spectral humans (Vaults:4)
  8 iron trolls
  4 skeletal warriors (D:14)
  21 sea snakes
  2 glowing orange brains
  A spatial maelstrom (Abyss:4)
  6 naga ritualists
  A bunyip zombie (Abyss:1)
  4 arcanists
  8 deep elf archers
  45 deep trolls
  10 orc knights
  9 mana vipers
  27 ironbound convokers
  8 phantasmal warriors
  8 necromancers
  9 lindwurms
  35 starcursed masses
  6 orc sorcerers
  26 deep elf zephyrmancers
  A faun (Shoals:3)
  23 harpies
  27 deep elf pyromancers
  A shining eye (shapeshifter) (Depths:2)
  Maurice (D:12)
  16 cyclopes
  30 ugly things
  10 shining eyes
  3 worldbinders
  3 wolf spiders (Lair:2)
  10 manticores
  9 salamanders
  14 large abominations
  An iron dragon skeleton (Vaults:4)
  An apocalypse crab (Abyss:2)
  2 eyes of devastation
  27 black mambas
  3 orange demons (Abyss:4)
  21 elephants
  14 naga magi
  Joseph (D:8)
  3 merfolk sirens (Shoals:4)
  6 water nymphs
  A black mamba (shapeshifter) (Elf:1)
  14 vault sentinels
  2 rust devils (Abyss:4)
  An ice statue (IceCv)
  3 smoke demons
  9 guardian serpents
  11 cane toads
  A torpor snail (Lair:2)
  A gargoyle (D:12)
  10 rime drakes
  8 komodo dragons
  2 unseen horrors
  2 centaur skeletons (D:14)
  4 freezing wraiths
  A kobold demonologist (D:12)
  30 yaktaurs
  2 tengu conjurers
  8 ancient zymes
  An efreet (Abyss:4)
  A spectral glowing shapeshifter (Vaults:4)
  An ice devil (Orc:2)
  A harpy zombie (Abyss:1)
  18 polar bears
  A troll (shapeshifter) (Vaults:5)
  8 hornets
  15 merfolk
  5 trolls
  A hornet (shapeshifter) (Abyss:3)
  4 wind drakes
  Grinder (D:5)
  15 blink frogs
  2 tarantellas
  16 raiju
  5 snapping turtles
  A fire giant simulacrum (Vaults:4)
  5 glass eyes
  An iron dragon simulacrum (Vaults:4)
  6 dream sheep
  15 water elementals
  2 air elementals
  6 spriggans
  A shadow (D:12)
  A culicivora (shapeshifter) (Vaults:1)
  83 slime creatures
  66 yaks
  11 small abominations
  3 basilisks
  A wyvern (Lair:1)
  4 ynoxinuls
  6 wraiths
  4 fire bats (Abyss:6)
  2 fire elementals
  3 neqoxecs
  4 golden eyes (Slime:1)
  3 vampire mosquitoes (D:11)
  3 wargs
  4 death yak simulacra (Lair:5)
  10 chaos spawn
  5 redbacks
  A harpy simulacrum (D:14)
  49 nagas
  A swamp worm (shapeshifter) (Vaults:5)
  Edmund (D:5)
  A glowing shapeshifter zombie (Vaults:4)
  5 hell hounds (Abyss:5)
  Duvessa (D:4)
  2 acid dragons
  12 water moccasins
  28 orc warriors
  A black bear (Lair:5)
  A black bear (shapeshifter) (Vaults:5)
  4 ice beasts
  6 laughing skulls
  3 sky beasts
  8 ogres
  43 wolves
  5 boggarts (Vaults:2)
  12 centaurs
  A phantom (D:12)
  An elf simulacrum (Vaults:4)
  9 weeping skulls
  Blork the orc (D:4)
  3 kobold brigands
  16 bullfrogs
  3 brain worms
  2 scorpions
  A glowing shapeshifter simulacrum (Vaults:4)
  2 wights
  2 troll zombies (D:12)
  Dowan (D:4)
  6 killer bees (D:5)
  4 elephant simulacra (Lair:5)
  2 electric eels
  5 howler monkeys
  A crimson imp (Abyss:2)
  3 bullfrog zombies (D:6)
  A centaur zombie (D:6)
  2 human zombies
  3 quasits
  A jelly (D:6)
  22 orc priests
  2 bombardier beetles
  2 hounds (D:6)
  13 iguanas
  Jessica (D:3)
  A gnoll bouda (D:6)
  A sleepcap (D:7)
  A hell rat (Lair:5)
  18 orc wizards
  2 boggart skeletons (D:14)
  6 ogre zombies (D:12)
  4 mummies (D:6)
  8 gnolls
  21 adders
  10 river rats
  3 hell rat simulacra (Lair:5)
  3 ufetubi
  2 dart slugs
  2 ribbon worms (D:5)
  60 orcs
  8 bats
  8 endoplasms
  3 giant cockroaches
  4 gnoll zombies (D:12)
  5 goblins
  4 hobgoblins
  9 jackals
  32 kobolds
  2 quokkas (D:5)
  9 ball pythons
  18 frilled lizards
  2 gnoll skeletons (D:12)
  3 orc skeletons (D:12)
  16 orc zombies (D:12)
  18 rats
  2 butterflies (D:7)
  2 lurking horrors
  9 starspawn tentacles
  14 tentacles
2279 creatures vanquished.

Vanquished Creatures (others)
  A merfolk impaler (Shoals:4)
  A yaktaur captain (Vaults:5)
  An ugly thing (Depths:1)
  A cyclops (Shoals:1)
  2 fire bats (Abyss:6)
  An orc priest (Orc:2)
  A kobold (D:12)
  A lurking horror (Abyss:5)
  6 starspawn tentacles
  17 tentacles
32 creatures vanquished.

Grand Total: 2311 creatures vanquished

Notes
Turn   | Place    | Note
-------+----------+-------------------------------------------
     0 | D:1      | Parakeet the Coglin Wanderer began the quest for the Orb.
     0 | D:1      | Parakeet set off with the following items: a +0 club
                  | {Chiraphon}, a potion of attraction, a wand of polymorph
                  | (4), a scroll of fear, a +2 leather armour.
     0 | D:1      | Reached XP level 1. HP: 18/18 MP: 1/1
    72 | D:1      | Reached XP level 2. HP: 19/24 MP: 2/2
   270 | D:1      | Reached XP level 3. HP: 29/29 MP: 3/3
   478 | D:1      | Reached skill level 1 in Short Blades
   801 | D:2      | Found a faded altar of an unknown god.
   808 | D:2      | Prayed at the altar of an unknown god.
   808 | D:2      | Became a worshipper of Qazlal Stormbringer
   808 | D:2      | Reached * piety under Qazlal
   927 | D:2      | Reached XP level 4. HP: 32/35 MP: 4/4
  1212 | D:2      | You fall into a shaft and drop 2 floors!
  1386 | D:4      | Found a radiant altar of Vehumet.
  1569 | D:2      | Reached XP level 5. HP: 38/41 MP: 5/5
  1624 | D:2      | Reached skill level 1 in Armour
  1787 | D:3      | Reached ** piety under Qazlal
  1788 | D:3      | Reached skill level 5 in Dodging
  1932 | D:3      | Noticed Jessica
  1938 | D:3      | Killed Jessica
  1958 | D:3      | Noticed Ijyb
  1975 | D:3      | Ijyb changed into Ijyb the sky beast
  1975 | D:3      | Noticed Ijyb
  1976 | D:3      | Ijyb the sky beast changed into Ijyb the bat
  1976 | D:3      | Noticed Ijyb
  1978 | D:3      | Killed Ijyb the bat
  2260 | D:4      | Noticed Dowan
  2261 | D:4      | Noticed Duvessa
  2263 | D:4      | Killed Dowan
  2264 | D:4      | Reached skill level 1 in Invocations
  2264 | D:4      | Reached XP level 6. HP: 48/48 MP: 6/6
  2265 | D:4      | Killed Duvessa
  2266 | D:4      | Reached skill level 4 in Fighting
  2516 | D:4      | Noticed Blork the orc
  2525 | D:4      | Killed Blork the orc
  2526 | D:4      | Reached skill level 1 in Axes
  2526 | D:4      | Reached XP level 7. HP: 55/55 MP: 8/8
  2782 | D:5      | Entered Level 5 of the Dungeon
  2782 | D:5      | Noticed Edmund
  2803 | D:5      | Killed Edmund
  2804 | D:5      | Reached skill level 5 in Evocations
  2830 | D:5      | Found Taklaf's Firing Range.
  2847 | D:5      | Noticed Grinder
  2859 | D:5      | Killed Grinder
  2957 | D:5      | Reached XP level 8. HP: 56/61 MP: 9/9
  2974 | D:5      | Found a glowing drain.
  2978 | Sewer    | Entered a sewer
  3114 | Sewer    | Reached *** piety under Qazlal
  3719 | D:5      | Reached skill level 5 in Fighting
  4466 | D:6      | Reached XP level 9. HP: 68/68 MP: 11/11
  4671 | D:6      | Found a basalt altar of Yredelemnul.
  4699 | D:6      | Reached **** piety under Qazlal
  5183 | D:7      | Reached skill level 6 in Fighting
  5685 | D:7      | Found a staircase to the Ecumenical Temple.
  5875 | D:7      | Found a broken altar of Ashenzari.
  6083 | D:8      | Reached skill level 7 in Fighting
  6083 | D:8      | Reached skill level 5 in Invocations
  6083 | D:8      | Reached XP level 10. HP: 80/80 MP: 11/14
  6239 | D:8      | Found a sparkling altar of Nemelex Xobeh.
  6248 | D:8      | Found an opulent altar of Gozag.
  6255 | D:8      | Found a shimmering blue altar of Sif Muna.
  6272 | D:8      | Noticed Joseph
  6285 | D:8      | Killed Joseph
  6336 | D:8      | Reached XP level 11. HP: 86/86 MP: 15/15
  6585 | D:9      | Noticed Erica
  6601 | D:9      | Killed Erica
  6602 | D:9      | Reached skill level 8 in Fighting
  6895 | D:9      | Reached ***** piety under Qazlal
  7274 | D:10     | Entered Level 10 of the Dungeon
  7274 | D:10     | Noticed Nergalle
  7320 | D:9      | Reached skill level 10 in Evocations
  7407 | D:10     | Killed Nergalle
  7434 | D:10     | Found a sacrificial altar of Ru.
  7669 | D:10     | Found a staircase to the Lair.
  7947 | D:10     | Found Liug's Jewellery Shoppe.
  7947 | D:10     | Found Awollic's Antique Armour Shoppe.
  7949 | D:10     | Found Lotwa's Distillery.
  8246 | D:10     | Found a snail-covered altar of Cheibriados.
  8320 | D:10     | Found an iron altar of Okawaru.
  8322 | D:10     | Found a glowing silver altar of Zin.
  8541 | D:11     | Noticed a manticore
  8558 | D:11     | Killed a manticore
  8568 | D:11     | Reached XP level 12. HP: 47/94 MP: 16/16
  8633 | D:11     | Gained mutation: Your health recovers twice as slowly from
                  | being drained. [a shining eye]
  8673 | D:11     | Lost mutation: Your health recovers twice as slowly from
                  | being drained. [potion of mutation]
  8673 | D:11     | Gained mutation: You are partially covered in iridescent
                  | scales. (AC +2) [potion of mutation]
  8673 | D:11     | Gained mutation: A frigid envelope surrounds you and
                  | freezes all who hurt you. [potion of mutation]
  8673 | D:11     | Gained mutation: You are strong-willed. (Will+) [potion of
                  | mutation]
  8741 | D:10     | Bought a potion of experience for 550 gold pieces
  8741 | D:10     | Reached skill level 9 in Fighting
  8741 | D:10     | Reached skill level 5 in Armour
  8741 | D:10     | Reached XP level 13. HP: 101/101 MP: 16/18
  8824 | Lair:1   | Entered Level 1 of the Lair of Beasts
  8978 | Lair:1   | Found a runed translucent gate.
  8978 | Lair:1   | Found a runed translucent gate.
  8979 | Lair:1   | Found a runed translucent gate.
  8979 | Lair:1   | Noticed Cosoff's ghost (journeyman MiFi)
  8980 | Lair:1   | Noticed Nuqu's ghost (journeyman DjFE)
  9027 | Lair:1   | Found a frozen archway.
  9036 | IceCv    | Entered an ice cave
  9197 | IceCv    | Reached skill level 10 in Fighting
  9388 | IceCv    | Reached ****** piety under Qazlal
  9462 | IceCv    | Noticed a frost giant
  9481 | IceCv    | Killed a frost giant
  9558 | IceCv    | Got the Omnibus of Fatal Company
  9883 | Lair:1   | Identified the +7 quarterstaff "Fafriulo" {freeze, rN+}
 10093 | Lair:1   | Reached XP level 14. HP: 48/111 MP: 19/19
 10673 | Lair:1   | Killed Nuqu's ghost
 10689 | Lair:1   | Killed Cosoff's ghost
 11303 | Lair:2   | Found a runed translucent door.
 11528 | Lair:2   | Reached skill level 10 in Axes
 11542 | Lair:2   | Found a staircase to the Snake Pit.
 11812 | Lair:2   | Found a shimmering altar of Xom.
 11812 | Lair:2   | Noticed hitsuchi's ghost (journeyman TeSu)
 12026 | Lair:2   | Killed hitsuchi's ghost
 12181 | D:10     | Bought a potion of heal wounds for 55 gold pieces
 12181 | D:10     | Bought a potion of heal wounds for 55 gold pieces
 12181 | D:10     | Bought a potion of heal wounds for 55 gold pieces
 12181 | D:10     | Bought a potion of attraction for 33 gold pieces
 12181 | D:10     | Bought a potion of berserk rage for 55 gold pieces
 12411 | Lair:3   | Reached skill level 11 in Fighting
 12710 | Lair:3   | Found a staircase to the Shoals.
 12799 | Lair:3   | Identified the +2 hand axe "Hellblazer" {flame, rC+ Will+}
 13336 | Lair:4   | Reached skill level 10 in Short Blades
 13382 | Lair:4   | Found a runed translucent door.
 13419 | Lair:4   | Reached XP level 15. HP: 119/119 MP: 21/21
 13482 | Lair:4   | Found a staircase to the Slime Pits.
 13905 | Lair:4   | Found the brooch of Shielding {Spirit SH+8}
 13933 | Lair:4   | Noticed Oria's ghost (journeyman GnSh)
 13969 | Lair:4   | Killed Oria's ghost
 14282 | Lair:5   | Entered Level 5 of the Lair of Beasts
 14916 | Lair:5   | Found the +8 longbow "Zephyr" {speed, Dex+3 SInv}
 15140 | Lair:5   | Reached skill level 12 in Fighting
 16055 | D:11     | Noticed Fannar
 16070 | D:11     | Killed Fannar
 16110 | D:11     | Found a portal to a secret trove of treasure.
 16499 | D:11     | Found Keityarch's Book Emporium.
 16593 | D:12     | Noticed Sonja
 16597 | D:12     | Noticed Maurice
 16600 | D:12     | Killed Sonja
 16602 | D:12     | Killed Maurice
 16772 | D:12     | Found a staircase to the Orcish Mines.
 17098 | D:12     | Noticed Nessos
 17112 | D:12     | Reached skill level 15 in Evocations
 17120 | D:12     | Killed Nessos
 17191 | D:12     | Noticed Josephine
 17199 | D:12     | Killed Josephine
 17944 | D:13     | Reached XP level 16. HP: 129/129 MP: 23/23
 17952 | D:13     | Identified a scroll of acquirement
 17953 | D:13     | Acquired 995 gold pieces
 18705 | D:14     | Reached skill level 10 in Invocations
 19269 | D:14     | Found a gate to the Vaults.
 19634 | D:15     | Entered Level 15 of the Dungeon
 19666 | D:15     | Reached skill level 13 in Fighting
 19693 | D:15     | Reached skill level 10 in Armour
 20020 | D:15     | Found Cheibriados's Comfort Zone.
 20022 | D:15     | Found a snail-covered altar of Cheibriados.
 20028 | D:15     | Bought the +3 hat of Pondering {ponderous, Will+ MP+10
                  | Int+5} for 495 gold pieces
 20028 | D:15     | Found the +3 hat of Pondering {ponderous, Will+ MP+10
                  | Int+5}
 20133 | D:15     | Found a radiant altar of Vehumet.
 20561 | D:15     | Found a staircase to the Depths.
 20819 | Snake:1  | Entered Level 1 of the Snake Pit
 20819 | Snake:1  | Found Titam's Book Boutique.
 20824 | Snake:1  | Identified the serpent talisman of the Doldrums {Int+2}
 20824 | Snake:1  | Noticed Aizul
 20854 | Snake:1  | Killed Aizul
 21548 | Snake:1  | Found Jyusipopt's Jewellery Emporium.
 21550 | Snake:1  | Found Zairix's Antique Weapon Emporium.
 21550 | Snake:1  | Found Ytzaamon's Antique Weapon Shoppe.
 21568 | Snake:1  | Found Soqaq's General Store.
 21583 | Snake:1  | Bought a scroll of identify for 34 gold pieces
 21894 | Snake:1  | Bought the ring "Hamum" {EV+5 Str+6} for 945 gold pieces
 22376 | Snake:2  | Found a white marble altar of Elyvilon.
 22388 | Snake:2  | Reached XP level 17. HP: 128/137 MP: 25/25
 23866 | Snake:3  | Reached skill level 14 in Fighting
 24596 | Snake:4  | Entered Level 4 of the Snake Pit
 25046 | Snake:4  | Found Doykhi's Assorted Antiques.
 25055 | Snake:4  | Bought a pair of embroidered gloves for 277 gold pieces
 25055 | Snake:4  | Bought a glowing cloak for 277 gold pieces
 25055 | Snake:4  | Bought a scroll labelled INOHEM PEDYS for 37 gold pieces
 25055 | Snake:4  | Bought a scroll labelled IHITIW VYNOCZI for 37 gold pieces
 25233 | Snake:4  | Reached XP level 18. HP: 36/147 MP: 8/26
 25775 | Snake:4  | Got a serpentine rune of Zot
 25925 | Snake:4  | Reached skill level 15 in Fighting
 26306 | Snake:4  | Found a glowing golden altar of the Shining One.
 26738 | Shoals:1 | Entered Level 1 of the Shoals
 26777 | Shoals:1 | Upgraded the game from 0.32-a0-401-g0bcb2a7693 to
                  | 0.32-a0-418-g34023cf50c
 27714 | Shoals:2 | Noticed Jorgrun
 27733 | Shoals:2 | Killed Jorgrun
 28648 | Shoals:3 | Found Kyfeduf's Jewellery Shop.
 28767 | Shoals:3 | Reached skill level 15 in Axes
 28893 | Shoals:4 | Entered Level 4 of the Shoals
 28986 | Shoals:4 | Noticed Bai Suzhen
 29077 | Shoals:4 | Reached XP level 19. HP: 106/157 MP: 27/28
 29757 | Shoals:4 | Reached skill level 16 in Fighting
 29802 | Shoals:4 | Got a barnacled rune of Zot
 30289 | Orc:1    | Entered Level 1 of the Orcish Mines
 30485 | Orc:2    | Entered Level 2 of the Orcish Mines
 30486 | Orc:2    | Found a shimmering blue altar of Sif Muna.
 30713 | Orc:2    | Found Micvazit's General Store.
 30733 | Orc:2    | Found Woituf's Magic Scroll Boutique.
 31053 | Orc:2    | Found Kisuod's Book Emporium.
 31053 | Orc:2    | Found Fommyes's Antique Armour Shoppe.
 31054 | Orc:2    | Found a one-way gate leading to the halls of Pandemonium.
 31058 | Orc:2    | Bought a pair of runed boots for 195 gold pieces
 31093 | Orc:2    | Bought a scroll of blinking for 105 gold pieces
 31093 | Orc:2    | Bought a scroll of teleportation for 42 gold pieces
 31093 | Orc:2    | Bought a scroll of teleportation for 42 gold pieces
 31093 | Orc:2    | Bought a scroll of fear for 56 gold pieces
 31093 | Orc:2    | Bought a scroll of revelation for 105 gold pieces
 31093 | Orc:2    | Bought a scroll of poison for 56 gold pieces
 31221 | Orc:2    | Found a staircase to the Elven Halls.
 31439 | Orc:2    | Found a roughly hewn altar of Beogh.
 31468 | Orc:2    | Found Dytymoupt's Distillery.
 31481 | Orc:2    | Bought a potion of curing for 42 gold pieces
 31481 | Orc:2    | Bought a potion of curing for 42 gold pieces
 31481 | Orc:2    | Bought a potion of curing for 42 gold pieces
 31481 | Orc:2    | Bought a potion of mutation for 112 gold pieces
 31481 | Orc:2    | Bought a potion of haste for 140 gold pieces
 31605 | Elf:1    | Entered Level 1 of the Elven Halls
 31732 | Elf:1    | Identified the +0 chain mail of Rinn {Str+4}
 32681 | Elf:2    | Reached XP level 20. HP: 166/166 MP: 30/30
 32721 | Elf:2    | Noticed Roxanne
 32736 | Elf:2    | Killed Roxanne
 33273 | Elf:2    | Found a runed translucent gate.
 33273 | Elf:2    | Found a runed translucent gate.
 33273 | Elf:2    | Found a runed translucent gate.
 33505 | Elf:2    | Reached skill level 17 in Fighting
 33807 | Elf:3    | Entered Level 3 of the Elven Halls
 33833 | Elf:3    | Paralysed by an air elemental for 1 turns
 33837 | Elf:3    | Paralysed by an air elemental for 1 turns
 34436 | Elf:3    | Found Koemar's Assorted Antiques.
 34466 | Elf:3    | Bought a pair of smoking boots for 313 gold pieces
 34466 | Elf:3    | Identified the +1 pair of boots "Hyugeqon" {rC+ Int-2
                  | Dex+3} (You bought it in a shop on level 3 of the Elven
                  | Halls)
 34708 | Elf:3    | Identified the +5 rapier of Blood-Lust {chaos, rElec rPois
                  | Will++ Int-3}
 34938 | Elf:3    | Identified the +1 helmet of Analysis {Dex+4}
 34955 | Elf:3    | Identified the +1 long sword of Ynuxkiti {drain, Str+2}
 35054 | Elf:3    | Identified the +2 ring mail of an ossuary {rPois rN+++
                  | Will- Stlth+}
 35066 | Elf:3    | Upgraded the game from 0.32-a0-418-g34023cf50c to
                  | 0.32-a0-427-g448f42529f
 35112 | Elf:3    | Found the Hermit's Pendant {Faith Invo=14 Evo=0 MP+5}
 35113 | Elf:3    | Found the +7 lajatang of Order {silver, rMut}
 35120 | Elf:3    | Identified the +5 glaive of the Shimmering Gods {venom,
                  | rElec rC+ Str+3}
 35461 | Elf:3    | Found the +6 Majin-Bo {spellvamp, MP+6 Int+6}
 35462 | Elf:3    | Identified the +2 ring mail of Resourcefulness {rElec Int-5
                  | Dex+3}
 35752 | Elf:3    | Bought a potion of curing for 99 gold pieces
 35752 | Elf:3    | Bought a potion of heal wounds for 165 gold pieces
 35752 | Elf:3    | Bought a potion of heal wounds for 165 gold pieces
 35752 | Elf:3    | Bought a scroll of brand weapon for 313 gold pieces
 36026 | Vaults:1 | Entered Level 1 of the Vaults
 36406 | Vaults:1 | Reached XP level 21. HP: 172/175 MP: 31/31
 36483 | Vaults:1 | You fall into a shaft and drop 1 floor!
 36495 | Vaults:2 | Reached skill level 15 in Armour
 36755 | Vaults:2 | Found Ixong's Assorted Antiques.
 37106 | Vaults:2 | Reached skill level 18 in Fighting
 37315 | Vaults:2 | Identified the +8 lajatang of Okawaru's Envy {freeze, Will-
                  | Str-3 Dex+8 SInv}
 37384 | Vaults:2 | Reached skill level 15 in Invocations
 38178 | Vaults:1 | Identified the +2 leather armour of Hadjma {rN++ Will-}
 38711 | Vaults:2 | Bought a scroll of enchant weapon for 255 gold pieces
 39041 | Vaults:3 | Noticed Margery
 39056 | Vaults:3 | Killed Margery
 39090 | Vaults:3 | Reached XP level 22. HP: 157/186 MP: 33/33
 39507 | Vaults:3 | Found a staircase to the Crypt.
 39507 | Vaults:3 | Found an ancient bone altar of Kikubaaqudgha.
 39508 | Vaults:3 | Found a basalt altar of Yredelemnul.
 40862 | Vaults:4 | Reached skill level 19 in Fighting
 41461 | Vaults:4 | Found a runed translucent gate.
 41461 | Vaults:4 | Found a runed translucent gate.
 41461 | Vaults:4 | Found a runed translucent gate.
 41462 | Vaults:4 | Noticed HilariousDeathArtist's ghost (adept CeWn)
 41486 | Vaults:4 | Killed HilariousDeathArtist's ghost
 41614 | Vaults:5 | Entered Level 5 of the Vaults
 41635 | Vaults:5 | Noticed a dread lich
 41849 | Vaults:5 | Killed a dread lich
 41850 | Vaults:5 | Reached XP level 23. HP: 178/194 MP: 35/35
 41852 | Vaults:5 | Noticed an ancient lich
 41862 | Vaults:5 | Killed an ancient lich
 42329 | Vaults:5 | Identified the +0 scale mail of Articulation {Will+ Stlth+}
 42334 | Vaults:5 | Noticed an ancient lich
 42350 | Vaults:5 | Killed an ancient lich
 42351 | Vaults:5 | Reached skill level 10 in Dodging
 42596 | Vaults:5 | Found the +2 cloak of the Thief {*Fog Slay-2 SInv Stlth+}
 42635 | Vaults:5 | Identified the +4 morningstar of the Grave {holy, Will+}
 42743 | Vaults:5 | Got the Meditations on Turbulence
 43167 | Vaults:5 | Got a silver rune of Zot
 43272 | Vaults:5 | Identified the +6 broad axe of Purutom {holy, Str+3}
 43359 | Vaults:5 | Identified the +1 chain mail of the Hills {-Cast rElec
                  | Will+++}
 43380 | Vaults:5 | Got the Atlas of Polluted Algor
 43495 | Vaults:5 | Found Zeusihef's Antique Armour Emporium.
 43629 | Vaults:5 | Got the Lectures on Twisted Ashes
 43979 | D:5      | Bought a throwing net for 42 gold pieces
 44191 | Orc:2    | Bought a potion of might for 56 gold pieces
 44191 | Orc:2    | Bought a potion of resistance for 140 gold pieces
 44364 | Vaults:2 | Bought a scroll of revelation for 255 gold pieces
 44364 | Vaults:2 | Bought a scroll of teleportation for 102 gold pieces
 44632 | Snake:1  | Bought a wand of charming (3) for 122 gold pieces
 44632 | Snake:1  | Bought a wand of acid (4) for 285 gold pieces
 44638 | Snake:1  | Bought the ring "Yratat" {^Drain rElec rC+ rCorr} for 601
                  | gold pieces
 44904 | Depths:1 | Entered Level 1 of the Depths
 44904 | Depths:1 | Found a shimmering altar of Xom.
 45219 | Depths:1 | Reached skill level 20 in Fighting
 45309 | Depths:1 | Found Caoptyuf's General Store.
 45324 | Depths:1 | Found an iron altar of Okawaru.
 45560 | Depths:1 | Reached XP level 24. HP: 197/204 MP: 35/35
 45572 | Depths:1 | Found a gateway to Hell.
 45819 | Depths:2 | Noticed a juggernaut
 45834 | Depths:2 | Killed a juggernaut
 45924 | Depths:2 | Noticed a caustic shrike
 45935 | Depths:2 | Killed a caustic shrike
 46125 | Depths:2 | Identified the +6 scimitar "Qusufad" {venom, Int+2}
 46297 | Depths:2 | Found a one-way gateway to a ziggurat.
 47212 | Slime:1  | Entered Level 1 of the Pits of Slime
 47634 | Slime:3  | Paralysed by a formless jellyfish for 1 turns
 48053 | Slime:4  | Gained mutation: You have a pair of small horns on your
                  | head. [a shining eye]
 48108 | Slime:5  | Entered Level 5 of the Pits of Slime
 48122 | Slime:5  | Gained mutation: You do not regenerate when monsters are
                  | visible. [a shining eye]
 48128 | Slime:5  | Noticed the Royal Jelly
 48128 | Slime:5  | Gained mutation: You are covered in fur. (AC +1) [a shining
                  | eye]
 48402 | Slime:5  | Gained mutation: You sometimes lose your temper in combat.
                  | [a shining eye]
 48403 | Slime:5  | Gained mutation: Your health recovers twice as slowly from
                  | being drained. [a shining eye]
 48406 | Slime:5  | Killed the Royal Jelly
 48946 | Slime:5  | Lost mutation: You do not regenerate when monsters are
                  | visible. [potion of mutation]
 48946 | Slime:5  | Lost mutation: You are covered in fur. (AC +1) [potion of
                  | mutation]
 48946 | Slime:5  | Lost mutation: You are partially covered in iridescent
                  | scales. (AC +2) [potion of mutation]
 48946 | Slime:5  | Gained mutation: You are covered in fur. (AC +1) [potion of
                  | mutation]
 48946 | Slime:5  | Gained mutation: You are highly strong-willed. (Will++)
                  | [potion of mutation]
 48946 | Slime:5  | Gained mutation: You passively dampen the noise of your
                  | surroundings. [potion of mutation]
 48947 | Slime:5  | Lost mutation: You sometimes lose your temper in combat.
                  | [potion of mutation]
 48947 | Slime:5  | Lost mutation: You have a pair of small horns on your head.
                  | [potion of mutation]
 48947 | Slime:5  | Gained mutation: You occasionally shout uncontrollably at
                  | your foes. [potion of mutation]
 48947 | Slime:5  | Gained mutation: You are partially covered in iridescent
                  | scales. (AC +2) [potion of mutation]
 48995 | Slime:5  | Got the Annotations on Remains
 49021 | Slime:5  | Identified the +5 whip "Hydrabane" {elec, rElec rPois
                  | rCorr}
 49026 | Slime:5  | Got a slimy rune of Zot
 49061 | Slime:5  | Identified the ring of Feqoicosch {rF- rC++ Will+ Str+3
                  | Stlth+}
 49084 | Slime:5  | Identified the ring of Masoitug {rElec rC+ MP+9 Str+3
                  | Dex+2}
 49095 | Slime:5  | Identified the +1 robe "Xakeobav" {Will- Str+3 SInv}
 49556 | Depths:3 | Reached XP level 25. HP: 189/212 MP: 35/35
 50020 | Depths:3 | Noticed a juggernaut
 50031 | Depths:3 | Killed a juggernaut
 50158 | Depths:3 | Noticed a juggernaut
 50176 | Depths:3 | Killed a juggernaut
 50428 | Depths:3 | Found a one-way gate to the infinite horrors of the Abyss.
 50837 | Depths:4 | Entered Level 4 of the Depths
 51047 | Depths:4 | Reached skill level 21 in Fighting
 51748 | Depths:4 | Noticed Sojobo
 51759 | Depths:4 | Paralysed by an air elemental for 1 turns
 51766 | Depths:4 | Paralysed by an air elemental for 1 turns
 51792 | Depths:4 | Killed Sojobo
 52378 | Depths:4 | Found a gate to the Realm of Zot.
 53241 | Depths:3 | Voluntarily entered the Abyss.
 53727 | Abyss:3  | Found a corrupted altar of Lugonu.
 53731 | Abyss:3  | Found a corrupted altar of Lugonu.
 53940 | Abyss:3  | Reached XP level 26. HP: 173/222 MP: 35/35
 54146 | Abyss:4  | Gained mutation: Armour fits poorly on your strangely
                  | shaped body. [a shining eye]
 54148 | Abyss:4  | Lost mutation: Armour fits poorly on your strangely shaped
                  | body. [potion of mutation]
 54148 | Abyss:4  | Lost mutation: A frigid envelope surrounds you and freezes
                  | all who hurt you. [potion of mutation]
 54148 | Abyss:4  | Lost mutation: You are partially covered in iridescent
                  | scales. (AC +2) [potion of mutation]
 54148 | Abyss:4  | Gained mutation: You are weak. (Str -2) [potion of
                  | mutation]
 54148 | Abyss:4  | Gained mutation: You sometimes lose your temper in combat.
                  | [potion of mutation]
 54148 | Abyss:4  | Gained mutation: You expend magic power (3 MP) to
                  | strengthen your wands. [potion of mutation]
 54149 | Abyss:4  | Lost mutation: You are weak. (Str -2) [potion of mutation]
 54149 | Abyss:4  | Lost mutation: You sometimes lose your temper in combat.
                  | [potion of mutation]
 54149 | Abyss:4  | Lost mutation: You expend magic power (3 MP) to strengthen
                  | your wands. [potion of mutation]
 54149 | Abyss:4  | Gained mutation: You are clumsy. (Dex -2) [potion of
                  | mutation]
 54150 | Abyss:4  | Lost mutation: Your health recovers twice as slowly from
                  | being drained. [potion of mutation]
 54150 | Abyss:4  | Lost mutation: You are covered in fur. (AC +1) [potion of
                  | mutation]
 54150 | Abyss:4  | Gained mutation: Your magical capacity is very low. (-20%
                  | MP) [potion of mutation]
 54200 | Abyss:4  | Paralysed by accursed screaming for 2 turns
 54206 | Abyss:4  | Paralysed by accursed screaming for 1 turns
 54211 | Abyss:4  | Paralysed by accursed screaming for 1 turns
 54222 | Abyss:4  | Lost mutation: Your magical capacity is low. (-10% MP)
                  | [potion of mutation]
 54222 | Abyss:4  | Lost mutation: You occasionally shout uncontrollably at
                  | your foes. [potion of mutation]
 54222 | Abyss:4  | Lost mutation: You are clumsy. (Dex -2) [potion of
                  | mutation]
 54222 | Abyss:4  | Gained mutation: You are covered in fur. (AC +1) [potion of
                  | mutation]
 54222 | Abyss:4  | Gained mutation: You have supernaturally acute eyesight.
                  | (SInv) [potion of mutation]
 54222 | Abyss:4  | Gained mutation: You are agile. (Dex +4, Str/Int -1)
                  | [potion of mutation]
 54313 | Abyss:5  | Found a corrupted altar of Lugonu.
 54326 | Abyss:5  | Found a sacrificial altar of Ru.
 54326 | Abyss:5  | Found a stormy altar of Qazlal.
 54326 | Abyss:5  | Found a basalt altar of Yredelemnul.
 54326 | Abyss:5  | Found a glowing silver altar of Zin.
 54326 | Abyss:5  | Found an iron altar of Okawaru.
 54326 | Abyss:5  | Found a snail-covered altar of Cheibriados.
 54327 | Abyss:5  | Found a white marble altar of Elyvilon.
 54327 | Abyss:5  | Found a shadowy altar of Dithmenos.
 54327 | Abyss:5  | Found a hide-covered altar of Uskayaw.
 54327 | Abyss:5  | Found a burning altar of Makhleb.
 54328 | Abyss:5  | Found a shimmering altar of Xom.
 54328 | Abyss:5  | Found a shimmering blue altar of Sif Muna.
 54336 | Abyss:5  | Found a sparkling altar of Nemelex Xobeh.
 54336 | Abyss:5  | Found an opulent altar of Gozag.
 54336 | Abyss:5  | Found a broken altar of Ashenzari.
 54338 | Abyss:5  | Paralysed by accursed screaming for 2 turns
 54350 | Abyss:5  | Found a hazy altar of Hepliaklqana.
 54350 | Abyss:5  | Found a radiant altar of Vehumet.
 54350 | Abyss:5  | Found a glowing golden altar of the Shining One.
 54350 | Abyss:5  | Found a bloodstained altar of Trog.
 54352 | Abyss:5  | Found a blossoming altar of Fedhas.
 54352 | Abyss:5  | Found an ancient bone altar of Kikubaaqudgha.
 54352 | Abyss:5  | Found an ornate altar of the Wu Jian Council.
 54387 | Abyss:5  | Noticed an ancient lich
 54399 | Abyss:5  | Killed an ancient lich
 54509 | Abyss:6  | Noticed an ancient lich
 54518 | Abyss:6  | Killed an ancient lich
 54534 | Abyss:6  | Found a corrupted altar of Lugonu.
 54575 | Abyss:6  | Noticed an ancient lich
 54577 | Abyss:6  | HP: 6/224 [ancient lich/crystal spear (47)]
 54577 | Abyss:6  | Killed from afar by a smoke demon

Illustrated notes

Levels and vault maps discovered:
D:1:      eino_arrival_water_star, layout_rooms
D:2:      layout_basic, ebering_ecumenical_altar_mist
D:3:      layout_rooms, uniq_ijyb, uniq_jessica
D:4:      layout_cave_pods, mainiacjoe_overflow_alcove_4, uniq_blork_the_orc,
          uniq_duvessa
D:5:      layout_basic, gup_sewer_entry_spiral, nicolae_shop_firing_range,
          uniq_edmund, uniq_grinder
D:6:      wander_river, layout_loops_ring, lemuel_mausoleum_altar_yredelemnul,
          hangedman_decor_peaks_small
D:7:      layout_basic, ashenzari_conservatory_becter,
          minmay_temple_entry_butterflies, palyth_stone_intersect
D:8:      layout_rooms, minmay_overflow_temple_star_quad, uniq_joseph
D:9:      layout_roguey, uniq_erica
D:10:     layout_irregular_city, slow_altar_2, nicolae_overflow_hidden_temple,
          mainiacjoe_overflow_tiny_flanked, hellmonk_lair_entry_icy,
          nicolae_shop_distant_corner_stores, minmay_misc_feat_chi,
          minivault_10, uniq_nergalle
D:11:     layout_loops_ring, serial_shops, nicolae_shop_real_fake_doors,
          enter_trove_0, wad_floor_pattern_untrapped, uniq_fannar
D:12:     layout_loops_corners, zombieorc2_lemuel, uniq_josephine, uniq_maurice,
          uniq_sonja, uniq_nessos
D:13:     layout_roguey
D:14:     layout_loops_ring, hangedman_vaults_entry_quadrant_bands,
          kennysheep_generic_room_16
D:15:     grunt_enter_depths_snipers, layout_basic, nicolae_vehumet_altar_sigil,
          hangedman_decor_growths, minmay_shop_chei, chequers_decorated_corner
Lair:1:   lemuel_reptile_caves, layout_regular_city, portal_ice_cave_rime,
          gammafunk_ghost_cemetery
Lair:2:   minmay_lair_venomous_thicket, layout_cave_pods,
          guppyfry_snake_entry_garden, ebering_ghost_xom,
          nicolae_lair_run_with_the_wolves
Lair:3:   layout_loops_ring, elwin_shoals_entry_rocks, pond
Lair:4:   layout_regular_city, slime_entry_1, ebering_ghost_inner_flame
Lair:5:   grunt_lair_end_beastmaster, layout_layer_cave, eino_house_with_fridge
Shoals:1: layout_shoals, st_cyclops
Shoals:2: layout_shoals, uniq_jorgrun
Shoals:3: layout_shoals, serial_shops, shop
Shoals:4: shoals_end_simple, layout_shoals, nicolae_shoals_aquamancer_cove,
          uniq_bai_suzhen
Snake:1:  layout_onion_interference, serial_shops, shop, minmay_shoptagon,
          uniq_aizul
Snake:2:  layout_onion_interference, basic_altar, serial_bayou_pond_d,
          st_stairs_10, nicolae_snake_gridmaze_spiral, nicolae_snake_snake_lake
Snake:3:  layout_concentric_octagons
Snake:4:  grunt_snake_rune_pools, layout_cave_town, basic_altar, serial_shops,
          nicolae_shop_tiny_glass, grunt_megastairs_3
Slime:1:  layout_caves
Slime:2:  layout_caves, cheibrodos_slime_lost_civilization_4
Slime:3:  layout_caves
Slime:4:  layout_caves
Slime:5:  slime_pit
Orc:1:    layout_caves
Orc:2:    pf_orc_diabolical, layout_diamond_mine, basic_altar, serial_shops,
          shop, led_sif_book
Elf:1:    layout_gridlike, nicolae_elf_blasts_and_bolts,
          statue_in_the_mist_lemuel
Elf:2:    nicolae_elf_blades_splatter_lattice
          [nicolae_blade_entry_sentries_behind_glass], layout_onion_city,
          lemuel_upstairs_altar, uniq_roxanne
Elf:3:    grunt_elf_hall_branching, layout_loops_ring, serial_glass,
          glass_columns_b, glass_columns_a, serial_shops,
          nicolae_shop_window_shopping
Vaults:1: hangedman_vaults_nodes, nicolae_vaults_steering_wheel,
          vaults_room_door_hall, hangedman_vaults_corner_blocks, v_misc_23,
          nicolae_vaults_more_shelving_2, st_smaller_cells,
          ontoclasm_vaults_eye, vaults_dpeg_diagonal, layout_vaults_omnibox
Vaults:2: v_misc_14, lightli_orcish_oven, v_misc_18, hangedman_vaults_trim,
          nicolae_vaults_weapon_check, hangedman_vaults_unwind, v_alt_pattern_5,
          nicolae_vaults_shipping_containers_1, nicolae_vaults_layer_cake_slice,
          serial_library_hellmonk_semicircle, vaults_dpeg_cross,
          ontoclasm_vaults_ring_square, layout_vaults_maze, serial_shops, shop
Vaults:3: v_alt_pattern_2, vaults_mumra_hexcomb, minmay_crypt_entry_necro_gods,
          ontoclasm_vaults_ring_small, v_misc_25, nicolae_vaults_sightless_eye,
          nicolae_vaults_tetromino_T_1, st_lattice, hangedman_vaults_trim,
          layout_vaults_omnigrid, uniq_margery
Vaults:4: gammafunk_ghost_necromancy, nicolae_vaults_offset_grid_hallway_2,
          vaults_standard_mumra_x, nicolae_vaults_closet_pinwheel_2,
          nicolae_vaults_storage_closets_2, nicolae_vaults_security_offices_2,
          nicolae_vaults_theta, serial_library_regret_index_small_wings,
          ontoclasm_vaults_bender, nicolae_vaults_what_the_h,
          nicolae_vaults_twisting_passages, vaults_room_hallway, v_pattern_5,
          layout_vaults_omnicross
Vaults:5
Depths:1: layout_cave_pools, okawaru_ov_weapons_minmay, serial_shops,
          nicolae_shop_pleasant_corner_grove, hangedman_geh_valley,
          serial_sigils_hangedman_gut, xom_confusion_cloud
Depths:2: evilmike_pillar_path, layout_long_grid, enter_ziggurat_c, pan_entry,
          hell_entry, reono_crystal_passage
Depths:3: minmay_quantized_circle, layout_basic, hell_entry, abyss_entry,
          pan_entry, minmay_misc_feat_iff, kennysheep_generic_room_8,
          serial_bayou_shore_b
Depths:4: evilmike_zot_entry_basic, layout_cave_pools, hellmouth_1,
          roderic_roman_lattice, abyss_entry, serial_bayou,
          serial_bayou_crossing, serial_bayou_pond_a, serial_bayou_pond_c,
          serial_library_hellmonk_hallway_b, grunt_ministairs_1,
          serial_bayou_shore_b, uniq_josephina, uniq_sojobo
Abyss:6:  base: D:6, minivault_25, hangedman_abyss_sting, minivault_24,
          evilmike_abyss_exit_mutagenic,
          due_evilmike_abyss_rune_seething_liches,
          due_evilmike_abyss_rune_seething_liches

Skill      XL: |  1  2  3  4  5  6  7  8  9 10 11 12 13 14 15 16 17 18 19 20 21 22 23 24 25 26 |
---------------+-------------------------------------------------------------------------------+-----
Evocations     | 3 4 5 6 9 10 11 12 13 15 16 17 19 20 | 20.1
Short Blades   | 1 2 3 4 6 7 8 9 10 11 12 13 14 | 14.0
Armour         | 1 2 4 5 6 7 9 10 11 12 13 14 15 16 17 18 19 | 19.2
Dodging        | 5 6 7 8 9 10 11 13 | 13.9
Invocations    | 1 2 3 5 6 7 8 9 10 11 12 13 14 15 16 17 18 | 18.2
Fighting       | 4 5 7 8 9 10 11 12 13 14 15 16 17 18 19 20 21 | 21.8
Axes           | 1 2 3 6 7 8 9 10 11 12 14 15 16 17 18 | 18.0

Action                     |  1- 3 |  4- 6 |  7- 9 | 10-12 | 13-15 | 16-18 | 19-21 | 22-24 | 25-27 || total
---------------------------+-------+-------+-------+-------+-------+-------+-------+-------+-------++-------
  Melee: Club              |    71 |    35 |       |       |       |       |       |       |       ||   106
         Dagger            |    94 |    84 |       |       |       |       |       |       |       ||   178
         Falchion          |       |    48 |       |       |       |       |       |       |       ||    48
         Hand axe          |       |    21 |   341 |    20 |     5 |       |       |       |       ||   387
         Short sword       |       |    19 |   329 |   274 |  1327 |   956 |   870 |   818 |   319 ||  4912
         Broad axe         |       |       |       |   276 |  1396 |  1038 |  1053 |   956 |   842 ||  5561
         Headbutt          |       |       |       |       |       |       |       |    18 |       ||    18
 Invoke: Upheaval          |       |       |       |       |     2 |     5 |       |    11 |     5 ||    23
         Disaster Area     |       |       |       |       |       |     4 |     1 |     6 |     3 ||    14
Ability: Evoke Invisibilit |       |       |       |       |     1 |       |       |       |       ||     1
  Evoke: Wand              |       |     6 |       |     4 |     5 |     4 |     2 |     1 |       ||    22
         Tin of tremorston |       |       |       |       |       |       |       |     2 |       ||     2
    Use: Potion            |     1 |       |     1 |     2 |     2 |     2 |       |     3 |    12 ||    23
         Scroll            |       |       |     6 |     8 |     3 |    23 |     4 |     2 |     6 ||    52
   Stab: Invisible         |       |       |       |       |     1 |       |       |       |       ||     1
         Petrified         |       |       |       |       |     6 |       |       |       |     2 ||     8
 Armour: Leather armour    |    58 |    42 |    69 |     3 |       |       |       |       |       ||   172
         Plate armour      |       |       |       |   112 |       |       |       |       |       ||   112
         Gold dragon scale |       |       |       |    35 |   663 |   560 |   495 |   519 |   429 ||  2701
  Dodge: Dodged            |    76 |    90 |   280 |   252 |   656 |   621 |   520 |   491 |   389 ||  3375
         Repelled          |       |       |       |       |     2 |    40 |    28 |    22 |    20 ||   112
  Block: Other             |     1 |     7 |    46 |    78 |   445 |   565 |   495 |   354 |   297 ||  2288

Table legend: (Time is in decaauts)
 A = Elapsed time spent in this place.
 B = Non-inter-level travel time spent in this place.
 C = Inter-level travel time spent in this place.
 D = Time resting spent in this place.
 E = Time spent auto-exploring this place.
 F = Levels seen in this place.
 G = Mean time per level.
                   A        B        C        D        E       F      G
               +--------+--------+--------+--------+--------+-----+--------+
         Total |  55468 |  49225 |   6243 |    669 |  38689 |  55 | 1008.5 |
       Dungeon |  15082 |  12121 |   2961 |      0 |   9798 |  15 | 1005.5 |
          Lair |   6430 |   5647 |    783 |      0 |   4425 |   5 | 1286.0 |
        Shoals |   3761 |   3589 |    172 |     30 |   2905 |   4 |  940.2 |
     Snake Pit |   6102 |   5832 |    270 |     29 |   5037 |   4 | 1525.5 |
    Slime Pits |   1983 |   1853 |    130 |    592 |    954 |   5 |  396.6 |
  Orcish Mines |   1609 |   1293 |    316 |      0 |    988 |   2 |  804.5 |
   Elven Halls |   4660 |   3846 |    814 |     17 |   2992 |   3 | 1553.3 |
        Vaults |   7985 |   7576 |    409 |      0 |   6210 |   5 | 1597.0 |
        Depths |   5280 |   4896 |    384 |      0 |   4024 |   4 | 1320.0 |
         Abyss |   1400 |   1400 |      0 |      0 |    632 |   6 |  233.3 |
         Sewer |    463 |    463 |      0 |      0 |    303 |   1 |  463.0 |
      Ice Cave |    707 |    707 |      0 |      0 |    416 |   1 |  707.0 |
               +--------+--------+--------+--------+--------+-----+--------+

Top non-repeatable levels by time:
   Elf:2: 2108 daAuts
 Snake:1: 1917 daAuts
Vaults:5: 1867 daAuts
 Snake:4: 1839 daAuts
Vaults:4: 1789 daAuts
Depths:3: 1644 daAuts
   Elf:3: 1642 daAuts
    D:10: 1631 daAuts
    D:12: 1526 daAuts
  Lair:2: 1524 daAuts
Vaults:2: 1475 daAuts
  Lair:5: 1471 daAuts
Vaults:1: 1449 daAuts
Depths:4: 1426 daAuts
Vaults:3: 1403 daAuts
